 Dungeon Crawl Stone Soup version 0.28.0-53-g5a82cb258f (webtiles) character file.

Game seed: 7313056461089618321

418 WaxSun the Magician (level 7, -3/51 HPs)
             Began as a Djinni Conjurer on June 23, 2022.
             Slain by Ijyb
             ... wielding a +0 club
              (6 damage)
             ... on level 4 of the Dungeon.
             The game lasted 00:05:34 (5211 turns).

WaxSun the Magician (Djinni Conjurer)               Turns: 5211, Time: 00:05:34

Health: -3/51      AC:  4    Str:  6    XL:     7   Next: 16%
Gold:   95         EV: 13    Int: 22    God:
                   SH:  0    Dex: 11

rFire   + + .      SeeInvis .   (no weapon)
rCold   x . .      Faith    .   (no shield)
rNeg    . . .      Spirit   .   a - +0 robe
rPois   ∞          Reflect  .   (no helmet)
rElec   .          Harm     .   o - +1 cloak
rCorr   .          Rampage  .   (no gloves)
Will    .....                   (boots unavailable)
Stlth   ++........              (no amulet)
HPRegen 0.17/turn               (no ring)
MPRegen 0.00/turn               (no ring)

@: flying, very slightly contaminated
A: sickness immunity, fire resistance 2, cold vulnerability 1, float, innate
caster, HP casting, extra vitality 1
a: no special abilities


You were on level 4 of the Dungeon.
You visited 1 branch of the dungeon, and saw 4 of its levels.

You collected 95 gold pieces.

Inventory:

Armour
 a - a +0 robe (worn)
 o - a +1 cloak (worn)
Wands
 k - a wand of polymorph (3)
Scrolls
 b - 3 scrolls of identify {unknown}
 c - a scroll of immolation {unknown}
 d - a scroll of enchant weapon {unknown}
 f - a scroll of fog {unknown}
 h - a scroll of magic mapping {unknown}
 i - 2 scrolls of vulnerability {unknown}
 j - a scroll of teleportation {unknown}
 l - a scroll of blinking {unknown}
 n - 2 scrolls of noise {unknown}
Potions
 e - a potion of mutation {unknown}
 g - 2 potions of degeneration {unknown}
 m - a potion of invisibility
 p - a potion of curing {unknown}


   Skills:
 * Level 3.7 Fighting
 + Level 3.7 Dodging
 - Level 1.5 Stealth
 * Level 4.4 Spellcasting
 + Level 2.4 Invocations


You couldn't memorise any spells.
You knew the following spells:

 Your Spells              Type           Power      Damage    Failure   Level
a - Magic Dart            Conj           96%        1d7       1%          1
b - Searing Ray           Conj           48%        2d6       2%          2
c - Dazzling Flash        Conj/Hex       48%        N/A       5%          3
d - Fulminant Prism       Conj/Hex       12%        3d9       17%         4
e - Iskenderun's Mystic   Conj/Tloc      24%        2d7       17%         4
f - Animate Skeleton      Necr           48%        N/A       1%          1
g - Call Imp              Summ           24%        N/A       2%          2
h - Lesser Beckoning      Tloc           24%        N/A       5%          3
Your spell library was empty.

Dungeon Overview and Level Annotations

Branches:
Dungeon (4/15)
 Temple: D:4-7

Altars:

Annotations:
D:4 Eustachio, Ijyb


Innate Abilities, Weirdness & Mutations

You are immune to sickness and miasma.
You are immune to poison.
Your flesh is very heat resistant. (rF++)
You are vulnerable to cold. (rC-)
You float through the air rather than walking.
You learn spells naturally, not from books.
Your magical power is your life essence.
You have superior vitality. (+4 MHP)


Message History

Confirm with . or Enter, or press ? or * to list all spells.
The spell is quite dangerous to miscast (17% risk of failure)!
Continue anyway?
You erupt in a blast of force!
The mystic blast hits Ijyb!
Ijyb is heavily wounded.
Ijyb is knocked back by the mystic blast.
Ijyb slams into the rock wall!
Casting: Iskenderun's Mystic Blast (quite dangerous; 17% risk of failure)
Confirm with . or Enter, or press ? or * to list all spells.
The spell is quite dangerous to miscast (17% risk of failure)!
Continue anyway?
You miscast Iskenderun's Mystic Blast.
Nothing appears to happen.
Ijyb hits you with a +0 club.
Casting: Iskenderun's Mystic Blast (quite dangerous; 17% risk of failure)
Confirm with . or Enter, or press ? or * to list all spells.
The spell is quite dangerous to miscast (17% risk of failure)!
Continue anyway?
You erupt in a blast of force!
The mystic blast hits Ijyb.
Ijyb is severely wounded.
Ijyb is knocked back by the mystic blast.
Ijyb slams into the rock wall!
Ijyb is severely wounded.
* * * LOW HITPOINT WARNING * * *
Casting: Iskenderun's Mystic Blast (quite dangerous; 17% risk of failure)
Confirm with . or Enter, or press ? or * to list all spells.
The spell is quite dangerous to miscast (17% risk of failure)!
Continue anyway?
You erupt in a blast of force!
The mystic blast hits Ijyb.
Ijyb is almost dead.
Ijyb is knocked back by the mystic blast.
Ijyb slams into the rock wall!
Ijyb is almost dead.
* * * LOW HITPOINT WARNING * * *
Casting: Iskenderun's Mystic Blast (quite dangerous; 17% risk of failure)
Confirm with . or Enter, or press ? or * to list all spells.
The spell is quite dangerous to miscast (17% risk of failure)!
Continue anyway?
You erupt in a blast of force!
The mystic blast hits Ijyb but does no damage.
Ijyb is almost dead.
* * * LOW HITPOINT WARNING * * *
Ijyb hits you with a +0 club.
* * * LOW HITPOINT WARNING * * *
Ijyb hits you with a +0 club.
You die...

#...#.......#.
.....#..#....#.
.....#...#......
.......#....#...
##......###.##...
##........#.....##
#########.................
.........g#.......###.....
#.....#.@#........#......
#.....#.#...#..........(.
...#...#................
....#..#.................
..#....#.#...)...........
...#..#....).(........:..
.##....#.#........#.###...
..................###..##.
##...##.....#.###...#8..8#.


You could see Ijyb (berserk).

Vanquished Creatures
  A black bear (D:4)
  A necrophage (D:4)
  A kobold brigand (D:4)
  A bullfrog skeleton (D:4)
  A killer bee zombie (D:4)
  A hound skeleton (D:4)
  2 adders
  2 worms (D:3)
  2 orcs
  7 endoplasms
  2 giant cockroaches (D:1)
  6 goblins
  15 hobgoblins
  7 jackals
  3 quokkas
  4 ball pythons
  5 bats
  A frilled lizard (D:1)
  10 kobolds
  7 rats
79 creatures vanquished.

Vanquished Creatures (others)
  6 plants (D:3)
6 creatures vanquished.

Grand Total: 85 creatures vanquished

Notes
Turn   | Place    | Note
-------+----------+-------------------------------------------
     0 | D:1      | WaxSun the Djinni Conjurer began the quest for the Orb.
     0 | D:1      | Reached XP level 1. HP: 15/15 MP: 0/0
   309 | D:1      | Reached XP level 2. HP: 20/22 MP: 0/0
   573 | D:1      | Reached skill level 1 in Fighting
   777 | D:1      | Reached XP level 3. HP: 23/27 MP: 0/0
   777 | D:1      | Learned a level 1 spell: Animate Skeleton
  1195 | D:1      | Found a faded altar of an unknown god.
  1702 | D:2      | Reached skill level 1 in Invocations
  1934 | D:2      | Reached XP level 4. HP: 32/32 MP: 0/0
  3751 | D:4      | Noticed a kobold brigand
  3761 | D:4      | Killed a kobold brigand
  3762 | D:4      | Reached skill level 4 in Spellcasting
  3762 | D:4      | Reached XP level 5. HP: 8/39 MP: 0/0
  3762 | D:4      | Learned a level 2 spell: Call Imp
  4069 | D:4      | Reached XP level 6. HP: 42/45 MP: 0/0
  4259 | D:4      | Noticed a black bear
  4267 | D:4      | Killed a black bear
  4387 | D:4      | Noticed Eustachio
  4655 | D:4      | Noticed Eustachio
  4655 | D:4      | Eustachio changed into Eustachio the acid dragon
  4857 | D:4      | Noticed Eustachio
  4857 | D:4      | Eustachio the acid dragon changed into Eustachio the wyvern
  4981 | D:4      | Noticed a necrophage
  4987 | D:4      | Killed a necrophage
  4988 | D:4      | Reached XP level 7. HP: 35/51 MP: 0/0
  4988 | D:4      | Learned a level 3 spell: Lesser Beckoning
  5196 | D:4      | Noticed Ijyb
  5211 | D:4      | Slain by Ijyb

Illustrated notes

Levels and vault maps discovered:
D:1:      lightli_iron_boxes, layout_basic,
          shapermc_ecumenical_altar_mp_highgroup
D:2:      layout_basic
D:3:      layout_rooms, serial_forest, infiniplex_forest_straight_2,
          infiniplex_forest_zigzag_1, infiniplex_forest_end_double,
          infiniplex_forest_clump_small, infiniplex_forest_clump_large,
          infiniplex_forest_lined_room_2, infiniplex_forest_clump_small,
          infiniplex_forest_lined_corner, minmay_stone_trees_small
D:4:      layout_cave_pools, gammafunk_ghost_nasty_kobolds, st_stairs_6,
          hangedman_decor_peaks_small, uniq_eustachio, uniq_ijyb

Skill      XL: |  1  2  3  4  5  6 |
---------------+-------------------+-----
Fighting       | 1 2 3 |  3.7
Invocations    | 1 2 |  2.4
Dodging        | 3 |  3.7
Spellcasting   | 4 |  4.4
Stealth        | |  1.5

Action                   |  1- 3 |  4- 6 |  7- 9 || total
-------------------------+-------+-------+-------++-------
 Cast: Magic Dart        |    71 |   142 |       ||   213
       Searing Ray       |       |     9 |       ||     9
       Iskenderun's Myst |       |       |     6 ||     6
Evoke: Wand              |       |     4 |       ||     4
Armor: Robe              |     4 |     7 |       ||    11
Dodge: Dodged            |     3 |    34 |     1 ||    38
